 Dungeon Crawl Stone Soup version 0.17-a0-913-g36eb389 (webtiles) character file.

1482 namelastname112 the Schismatic (level 8, -2/68 (70) HPs)
             Began as a Red Draconian Abyssal Knight on May 3, 2015.
             Was an Elder of Lugonu.
             Slain by an ogre
             ... wielding a +0 giant club
              (11 damage)
             ... on level 7 of the Dungeon.
             The game lasted 00:13:57 (6602 turns).

namelastname112 the Schismatic (DrAK)               Turns: 6602, Time: 00:13:57

HP:   -2/68 (70)    AC:  7    Str: 17    XL:     8   Next: 50%
MP:   9/13          EV: 13    Int: 12    God:    Lugonu [****..]
Gold: 297           SH:  0    Dex: 12    Spells: 0 memorised, 7 levels left

rFire  + . .     SeeInvis .     v - +1 halberd
rCold  . . .     Clarity  .     (armour unavailable)
rNeg   + . .     SustAb   .     (no shield)
rPois  .         Gourm    .     (helmet restricted)
rElec  .         Spirit   .     d - +0 cloak
rCorr  .         Warding  .     (no gloves)
rMut   .         Stasis   .     (no boots)
MR     .....                    (no amulet)
Stlth  +.........               q - ring of positive energy
                                g - +3 ring of strength

@: not resistant to hostile enchantments, very unstealthy
A: breathe fire, unfitting armour, hooves 1, horns 1, clumsy 1, fire resistance
1, cold-blooded, AC +6
a: Breathe Fire, Depart the Abyss, Bend Space, Banish, Corrupt, Renounce
Religion


You were on level 7 of the Dungeon.
You worshipped Lugonu.
Lugonu was greatly pleased with you.
You were hungry.

You visited 1 branch of the dungeon, and saw 7 of its levels.
You visited the Abyss 1 time.

You collected 378 gold pieces.
You spent 81 gold pieces at shops.

Inventory:

Hand weapons
 a - a +1 spear
 v - a +1 halberd (weapon)
Missiles
 t - a throwing net (quivered)
Armour
 d - a +0 cloak (worn)
Jewellery
 g - a +3 ring of strength (left hand)
 k - an uncursed amulet of stasis {unknown}
 q - a ring of positive energy (right hand)
Magical devices
 c - a wand of disintegration (16)
Scrolls
 e - 4 scrolls of teleportation
 h - 2 scrolls of magic mapping
 i - 2 scrolls of fear {unknown}
 o - 2 scrolls of remove curse
 p - a scroll of fog {unknown}
 u - a scroll of immolation {unknown}
 x - a scroll of amnesia
 y - a scroll of enchant armour {unknown}
 B - a scroll of noise {unknown}
 D - a scroll of identify
 F - a scroll of recharging {unknown}
Potions
 f - a potion of flight {unknown}
 j - a potion of ambrosia
 l - 2 potions of curing
 m - a potion of cure mutation {unknown}
 w - a potion of berserk rage
 z - a potion of poison {unknown}
 A - 2 potions of mutation {unknown}
 C - a potion of heal wounds {unknown}
Books
 r - a book of the Warp

   Spells                             Type                      Level
   a - Recall                         Summoning/Translocation      3
   b - Gell's Gravitas                Hexes/Translocation          3
   c - Control Teleport               Charms/Translocation         4
   d - Force Lance                    Conjuration/Translocation    4
   e - Phase Shift                    Translocation                5
   f - Warp Weapon                    Charms/Translocation         5
   g - Summon Forest                  Summoning/Translocation      5
Comestibles
 b - 6 bread rations
 n - 6 meat rations
 s - 5 fruits
 E - a slice of pizza


   Skills:
 + Level 5.8 Fighting
 * Level 6.4 Polearms
 + Level 4.3 Dodging
 * Level 6.8 Invocations


You had 7 spell levels left.
You didn't know any spells.

Dungeon Overview and Level Annotations

Branches:
Dungeon (7/15)             Temple (0/1) D:6

Altars:
Ashenzari
Fedhas
Gozag
Kikubaaqudgha
Ru
Sif Muna
Trog
Vehumet
Yredelemnul

Shops:
D:3 *   D:6 (!*(

Annotations:
Abyss:1 Crazy Yiuf


Innate Abilities, Weirdness & Mutations

You can breathe blasts of fire.
Your fiery red scales are hard (AC +6).
Your body does not fit into most forms of armour.
Your flesh is heat resistant.
You are cold-blooded and may be slowed by cold attacks.
You have large cloven feet.
You have a pair of small horns on your head.
You are clumsy. (Dex -2)


Message History

The ogre hits you with a giant club.
You hit the ogre.
The ogre is lightly wounded.
The ogre hits you with a giant club!
You puncture the ogre! You kick the ogre, but do no damage.
Your headbutt misses the ogre.
The ogre is heavily wounded.
The ogre hits you with a giant club!!
You barely miss the ogre. Your kick misses the ogre.
The ogre is heavily wounded.
The ogre hits you with a giant club!!
* * * LOW HITPOINT WARNING * * *
You are too injured to fight recklessly!
Use which ability? (? or * to list)
Press: ? - help, Shift-Dir - straight line, f - ogre
Aim: an ogre, wielding a giant club (heavily wounded, chance 80%)
The ogre barely resists.
You are feeling hungry.
The ogre hits you with a giant club!
You die...

.....................#.....
.................#.........
.................##........
................##.......#
#..........÷...####......#
#.......###.##.# #........
#.....###.## ...........
#.... ##.# .......... ....
#@## .......... ... #.O%#
......... #÷§.# .......#
#÷%%# ......# #####
........ ........ ........
........ .......


You could see an ogre.

Vanquished Creatures
  Eustachio (D:5)
  An ice beast (D:6)
  A black bear (D:6)
  A sky beast (D:5)
  2 phantoms (D:6)
  A necrophage (D:6)
  A vampire bat (D:6)
  2 hounds (D:5)
  2 orc priests
  2 orc wizards (D:3)
  A crimson imp (D:6)
  A gnoll shaman (D:7)
  3 iguanas
  3 worker ants
  A worker ant zombie (D:5)
  8 gnolls
  8 adders
  A shadow imp (D:6)
  An ooze (D:5)
  An adder zombie (D:6)
  An adder skeleton (D:5)
  2 worms
  3 giant geckos
  8 orcs
  A ball python (D:2)
  13 bats
  4 bat skeletons (D:6)
  3 bat zombies (D:6)
  13 goblins
  12 hobgoblins
  6 jackals
  19 kobolds
  4 quokkas
  7 giant cockroaches
  4 giant cockroach zombies
  3 giant newts
  A jackal skeleton (D:6)
  A quokka skeleton (D:4)
  A quokka zombie (D:6)
  10 rats
  A spectral orc (D:7)
  2 butterflies (D:6)
161 creatures vanquished.

Vanquished Creatures (others)
  An orc warrior (D:7)
  2 orcs
  4 jackals (D:5)
7 creatures vanquished.

Grand Total: 168 creatures vanquished

Notes
Turn   | Place    | Note
--------------------------------------------------------------
     0 | Abyss:1  | namelastname112, the Draconian Abyssal Knight, began the quest for the Orb.
     0 | Abyss:1  | Reached XP level 1. HP: 19/19 MP: 2/2
    17 | D:1      | Escaped the Abyss
   158 | D:1      | Reached XP level 2. HP: 23/26 MP: 3/3
   782 | D:1      | Acquired Lugonu's second power
  1044 | D:2      | Reached XP level 3. HP: 17/31 MP: 3/5
  1524 | D:2      | Found a bloodstained altar of Trog.
  1891 | D:3      | Reached XP level 4. HP: 33/40 MP: 6/6
  2002 | D:3      | Found an opulent altar of Gozag.
  2012 | D:3      | Found Gozag's Platinum Reserve.
  2038 | D:3      | Acquired Lugonu's third power
  2497 | D:3      | Reached skill level 4 in Fighting
  2603 | D:3      | Reached XP level 5. HP: 46/46 MP: 7/7
  3104 | D:4      | Noticed Crazy Yiuf
  3109 | D:4      | Banished Crazy Yiuf
  3180 | D:4      | Reached XP level 6. HP: 24/52 MP: 9/9
  3795 | D:5      | Entered Level 5 of the Dungeon
  4240 | D:5      | Acquired Lugonu's fourth power
  4300 | D:5      | Found a radiant altar of Vehumet.
  4339 | D:5      | Found a sacrificial altar of Ru.
  4342 | D:5      | Found a blossoming altar of Fedhas.
  4342 | D:5      | Found a shattered altar of Ashenzari.
  4342 | D:5      | Noticed Eustachio
  4392 | D:4      | Gained mutation: You are clumsy. (Dex -2) [mutagenic meat]
  4393 | D:4      | Gained mutation: You have a pair of small horns on your head. [mutagenic meat]
  4394 | D:4      | Gained mutation: You have large cloven feet. [mutagenic meat]
  4658 | D:5      | Reached skill level 5 in Invocations
  4658 | D:5      | Your scales start taking on a fiery red colour.
  4658 | D:5      | Gained mutation: Your flesh is heat resistant. [Red Draconian growth]
  4658 | D:5      | Reached XP level 7. HP: 48/60 MP: 10/10
  4712 | D:5      | Killed Eustachio
  4799 | D:5      | Reached skill level 5 in Fighting
  4831 | D:5      | Found a deep blue altar of Sif Muna.
  4964 | D:5      | Reached skill level 5 in Polearms
  5179 | D:6      | Reached skill level 6 in Invocations
  5276 | D:6      | Found a staircase to the Ecumenical Temple.
  5330 | D:6      | Found Tuugucw's Weapon Shoppe.
  5462 | D:6      | Found a basalt altar of Yredelemnul.
  5527 | D:6      | Found a deep blue altar of Sif Muna.
  5559 | D:6      | Found Itsielis's Assorted Antiques.
  5568 | D:6      | Bought a scroll labeled GUHUUL KELIYW for 28 gold pieces
  5568 | D:6      | Bought a scroll labeled VOERIRIXZA for 28 gold pieces
  5568 | D:6      | Bought a metallic puce potion for 25 gold pieces
  5587 | D:6      | Reached XP level 8. HP: 68/68 MP: 12/12
  5765 | D:6      | Found an ancient bone altar of Kikubaaqudgha.
  5901 | D:6      | Found Gykhuj's Antique Weapon Boutique.
  5919 | D:6      | Found Emuug's Distillery.
  6377 | D:7      | Found a basalt altar of Yredelemnul.
  6602 | D:7      | Slain by an ogre

Action                   |  1- 3 |  4- 6 |  7- 9 || total
-------------------------+-------+-------+-------++-------
Melee: Spear             |   190 |   234 |       ||   424
       Halberd           |       |    54 |   210 ||   264
Throw: Throwing net      |       |     3 |       ||     3
Invok: Banish            |       |     1 |     2 ||     3
 Abil: Breathe Fire      |       |       |     2 ||     2
  Use: Scroll            |       |     8 |       ||     8
 Stab: Distracted        |     1 |       |       ||     1
       Held in net/web   |       |     3 |       ||     3
       Sleeping          |       |       |     1 ||     1
  Eat: Chunk             |     3 |     8 |     7 ||    18
       Fruit             |       |     2 |     2 ||     4
       Beef jerky        |       |     1 |       ||     1
